 Dungeon Crawl Stone Soup version 0.31.0-11-ge490571c62 (webtiles) character file.

Game seed: 18345333016538167496

22 ces the Shooter (level 2, -3/14 HPs)
             Began as a Spriggan Hunter on Jan 29, 2024.
             Slain by a gnoll
             ... wielding a +0 halberd
              (12 damage)
             ... on level 2 of the Dungeon.
             The game lasted 00:00:21 (436 turns).

ces the Shooter (Spriggan Hunter)                    Turns: 436, Time: 00:00:21

Health: -3/14      AC:  2    Str:  7    XL:     2   Next: 68%
Magic:  3/3        EV: 17    Int: 10    God:
Gold:   58         SH:  0    Dex: 18    Spells: 1/1 levels left

rFire   . . .        a - +0 shortbow
rCold   . . .        (shield currently unavailable)
rNeg    . . .        c - +0 robe
rPois   .            (helmet restricted)
rElec   .            (no cloak)
rCorr   .            (gloves unavailable)
SInv    +            (boots unavailable)
Will    .....        (no amulet)
Stlth   ++           (no ring)
HPRegen 0.22/turn    (no ring)
MPRegen 0.08/turn

%: no passive effects
@: very quick
A: very small, no large weapons, unfitting armour, see invisible, speed 3
a: no special abilities


You were on level 2 of the Dungeon.
You visited 1 branch of the dungeon, and saw 2 of its levels.

You collected 58 gold pieces.

Inventory:

Hand Weapons
 a - a +0 shortbow (weapon)
Armour
 c - a +0 robe (worn)
Scrolls
 b - a scroll of butterflies
 e - a scroll of teleportation {unknown}
 g - 3 scrolls of immolation {unknown}
Potions
 d - 2 potions of curing {unknown}
 f - a potion of brilliance {unknown}


   Skills:
 - Level 1.5 Fighting
 * Level 4.8 Ranged Weapons
 - Level 2.6 Dodging
 - Level 1.5 Stealth


You had one spell level left.
You didn't know any spells.
Your spell library contained the following spells:

 Spells                   Type           Power      Damage    Failure   Level
 Gell's Gravitas          Tloc           0%         N/A       75%         3
 Teleport Other           Tloc           0%         N/A       75%         3
 Dispersal                Tloc           0%         N/A       100%        6


Dungeon Overview and Level Annotations

Branches:
Dungeon (2/15)

Altars:


Innate Abilities, Weirdness & Mutations

You are very small and have problems with some larger weapons.
You are too small for most types of armour.
You have supernaturally acute eyesight. (SInv)
You cover ground extremely quickly. (Speed+++)


Message History

You shoot an arrow. The arrow hits the hobgoblin!
You kill the hobgoblin!
The giant cockroach bites you.
You shoot an arrow. The arrow hits the giant cockroach.
The giant cockroach is heavily wounded.
The giant cockroach misses you. x2
You shoot an arrow. The arrow hits the giant cockroach.
The giant cockroach is severely wounded.
The giant cockroach misses you.
You shoot an arrow. The arrow hits the giant cockroach.
You kill the giant cockroach!
No target in view!
No target in view! 2 gnolls come into view.
A gnoll is wielding a +0 vampiric spear.
There are monsters nearby!
You shoot an arrow.
The arrow hits the gnoll but does no damage.
The gnoll shouts! x2
A gnoll comes into view. It is wielding a +0 halberd.
There are monsters nearby!
You shoot an arrow. The arrow barely misses the gnoll.
There are monsters nearby!
You shoot an arrow. The arrow hits the gnoll.
The gnoll is lightly wounded.
You shoot an arrow. The arrow hits the gnoll!
The gnoll is heavily wounded.
You shoot an arrow. The arrow hits the gnoll.
You kill the gnoll!
You shoot an arrow.
The arrow hits the gnoll but does no damage.
You shoot an arrow. The arrow hits the gnoll!
The gnoll is heavily wounded.
The gnoll misses you.
You shoot an arrow. The arrow hits the gnoll.
The gnoll is severely wounded.
The gnoll hits you with a +0 whip.
The gnoll hits you from afar with a +0 halberd!
Ouch! That really hurt!
You die...

+.... ... #... ...
#... ... ######.?
####.# #.....).
...#.# .....g#
#.##.# #..g# #.##.#
.. #..@#
#.##.###....
#...#####....<......
#......##.##########
#.........†......
#......##.#######
#......##.#
#......##..
#......##.#.
#.#.#####.#..


You could see 2 gnolls.

Vanquished Creatures
  A gnoll (D:2)
  A ball python (D:1)
  An endoplasm (D:1)
  3 giant cockroaches
  A hobgoblin (D:2)
  A goblin (D:1)
  A kobold (D:1)
  3 rats (D:1)
12 creatures vanquished.

Notes
Turn   | Place    | Note
-------+----------+-------------------------------------------
     0 | D:1      | ces the Spriggan Hunter began the quest for the Orb.
     0 | D:1      | Reached XP level 1. HP: 10/10 MP: 2/2
   253 | D:1      | Reached XP level 2. HP: 14/14 MP: 3/3
   436 | D:2      | Slain by a gnoll

Illustrated notes

Levels and vault maps discovered:
D:1:      dpeg_arrival_boxes_within_box, layout_loops_ring, serial_forest,
          infiniplex_forest_clump_small, infiniplex_forest_clump_diagonal,
          infiniplex_forest_clump_double, infiniplex_forest_end_3,
          infiniplex_forest_straight_2, infiniplex_forest_clump_medium,
          corexii_hall_statues_t, kennysheep_pointless_box
D:2:      layout_basic, uniq_jessica, uniq_sigmund

Action                     || total
---------------------------++-------
   Fire: Shortbow          ||    39
 Armour: Robe              ||     8
  Dodge: Dodged            ||    13
